 Dungeon Sprint DCSS version 0.26-a0-812-g31a745ddcd (webtiles) character file.

Game seed: 15140133616969804814

434 tsouns the Fighter (level 7, 0/64 HPs)
             Began as a Formicid Berserker on Dec 4, 2020.
             Was a Believer of Trog.
             Asphyxiated
             ... in the Dungeon (Sprint I: "Red Sonja").
             The game lasted 00:02:31 (543 turns).

tsouns the Fighter (Formicid Berserker)              Turns: 543, Time: 00:02:32

Health: 0/64       AC:  2    Str: 24    XL:     7   Next: 20%
Magic:  7/7        EV: 12    Int:  6    God:    Trog [**....]
Gold:   310        SH:  0    Dex: 10    Spells: 6/6 levels left

rFire    . . .     SeeInvis +   d - +3 scythe (distort)
rCold    . . .     Faith    .   (no shield)
rNeg     . . .     Spirit   .   b - +0 animal skin
rPois    .         Reflect  .   (helmet unavailable)
rElec    .         Harm     .   (no cloak)
rCorr    .         Rampage  .   (no gloves)
MR       .....                  (no boots)
Stlth    +.........             (no amulet)
HPRegen  0.20/turn              (no ring)
MPRegen  0.10/turn              (no ring)

@: lethally poisoned (0 -> -42), heavily drained
A: permanent stasis, dig shafts and tunnels, four strong arms, antennae 3
a: Dig, Trog's Hand, Renounce Religion


You were in the Dungeon.
You worshipped Trog.
Trog was pleased with you.
You visited 1 branch You collected 310 gold pieces.

Inventory:

Hand Weapons
 a - a +0 falchion
 d - a +3 scythe of distortion (weapon)
Armour
 b - a +0 animal skin (worn)
Wands
 f - a wand of polymorph (2)
Potions
 c - a potion of curing
 e - 2 potions of magic
 g - a potion of heal wounds


   Skills:
 + Level 9.4(6.5) Fighting
 - Level 8.6(5.7) Long Blades
 + Level 3.4(0.9) Polearms
 + Level 6.0(3.3) Armour
 + Level 5.4(2.8) Dodging
 - Level 2.4(0.0) Stealth
 - Level 1.0(0.0) Unarmed Combat


You had 6 spell levels left.
You didn't know any spells.
Your spell library was empty.

Dungeon Overview and Level Annotations

Branches:
Dungeon (1/1)

Altars:
Cheibriados
Dithmenos
Elyvilon
Fedhas
Gozag
Hepliaklqana
Kikubaaqudgha
Nemelex Xobeh
Okawaru
Qazlal
Ru
Sif Muna
Trog
Uskayaw
Vehumet
Wu Jian
Yredelemnul
Zin
The Shining One

Shops:
D }

Annotations:
D Sonja


Innate Abilities, Weirdness & Mutations

You cannot be hasted, slowed, berserked, paralysed or teleported.
You can dig through walls and to a lower floor.
Your four strong arms can wield two-handed weapons with a shield.
You have a pair of large antennae on your head. (SInv)


Message History

Your stasis prevents you from being slowed.
You are too injured to fight recklessly!
You are too injured to fight recklessly!
Attack whom?
Press: ? - help, Dir - move target cursor, f - Sonja
Aim: Sonja, wielding a +1 dagger of draining and quivering 3 curare-tipped darts You reach to attack!
You miss Sonja.
You feel sick.
Sonja throws a curare-tipped dart.
The curare-tipped dart hits you.
You are more poisoned.
You have difficulty breathing.
Your stasis prevents you from being slowed.
Sonja throws a curare-tipped dart.
The curare-tipped dart hits you.
You are lethally poisoned!
You have difficulty breathing.
* * * LOW HITPOINT WARNING * * *
Your stasis prevents you from being slowed.
Sonja throws a curare-tipped dart.
The curare-tipped dart hits you.
You are more poisoned.
You have difficulty breathing.
You die...

#..'..#).'..#..+
{
#..#####[#####'#
#..####..#...#.#
#..#__####..##.#
{
#..#_____##'#_.+
#⌠⌠#_.∩...'..._#
{
####_..__##_.#'#
#_____###'#[#
####### #@###
+$.$+ { #$.K# {
##.## { #+# {{ {
{ { { {{{


You could see Sonja.

Vanquished Creatures
  Sigmund (D)
  A yak (D)
  An ogre (D)
  A jelly (D)
  Ijyb (D)
5 creatures vanquished.

Notes
Turn   | Place    | Note
-------+----------+-------------------------------------------
     0 | D        | tsouns the Formicid Berserker began the quest for the Orb.
     0 | D        | Reached XP level 1. HP: 18/18 MP: 1/1
     3 | D        | Noticed Ijyb
    15 | D        | Killed Ijyb
    15 | D        | Reached skill level 4 in Fighting
    15 | D        | Reached skill level 1 in Stealth
    15 | D        | Reached XP level 2. HP: 25/26 MP: 2/2
    15 | D        | Reached XP level 3. HP: 31/32 MP: 3/3
    20 | D        | Noticed an ogre
    29 | D        | Killed an ogre
    29 | D        | Reached skill level 6 in Fighting
    29 | D        | Reached XP level 4. HP: 12/41 MP: 4/4
    29 | D        | Reached XP level 5. HP: 13/47 MP: 5/5
   260 | D        | Noticed Sigmund
   299 | D        | Killed Sigmund
   299 | D        | Reached ** piety under Trog
   299 | D        | Reached skill level 8 in Fighting
   299 | D        | Reached skill level 1 in Unarmed Combat
   299 | D        | Reached XP level 6. HP: 57/57 MP: 6/6
   335 | D        | Found an ornate altar of the Wu Jian Council.
   335 | D        | Found a shimmering blue altar of Sif Muna.
   337 | D        | Found a radiant altar of Vehumet.
   341 | D        | Reached skill level 1 in Polearms
   350 | D        | Found Wioces's Gadget Emporium.
   350 | D        | Found an ancient bone altar of Kikubaaqudgha.
   350 | D        | Found a hazy altar of Hepliaklqana.
   350 | D        | Found a stormy altar of Qazlal.
   350 | D        | Found a hide-covered altar of Uskayaw.
   350 | D        | Found a blossoming altar of Fedhas.
   350 | D        | Found a bloodstained altar of Trog.
   350 | D        | Found an iron altar of Okawaru.
   350 | D        | Found a basalt altar of Yredelemnul.
   350 | D        | Found a glowing golden altar of the Shining One.
   350 | D        | Found a snail-covered altar of Cheibriados.
   350 | D        | Found a sacrificial altar of Ru.
   350 | D        | Found a glowing silver altar of Zin.
   350 | D        | Found a shadowy altar of Dithmenos.
   350 | D        | Found a white marble altar of Elyvilon.
   350 | D        | Noticed a yak
   356 | D        | Killed a yak
   356 | D        | Reached skill level 9 in Fighting
   356 | D        | Reached skill level 5 in Dodging
   356 | D        | Reached XP level 7. HP: 28/64 MP: 7/7
   358 | D        | Found an opulent altar of Gozag.
   372 | D        | Found a sparkling altar of Nemelex Xobeh.
   536 | D        | Noticed Sonja
   543 | D        | Asphyxiated

Illustrated notes

Levels and vault maps discovered:
D:        dungeon_sprint_1 [red_sonja_temple_1, red_sonja_temple_small_1]

Skill      XL: |  1  2  3  4  5  6 |
---------------+-------------------+-----
Fighting       | 4 6 8 9 |  9.4
Long Blades    | 4 6 8 |  8.6
Dodging        | 2 3 4 5 |  5.4
Stealth        | 1 2 |  2.4
Armour         | 3 4 6 |  6.0
Unarmed Combat | 1 |  1.0
Polearms       | 3 |  3.4

Action                   |  1- 3 |  4- 6 |  7- 9 || total
-------------------------+-------+-------+-------++-------
Melee: Falchion          |    18 |       |       ||    18
       Unarmed           |       |     9 |       ||     9
       Scythe            |       |     8 |     3 ||    11
  Use: Potion            |     1 |       |       ||     1
 Stab: Sleeping          |     1 |     2 |       ||     3
Armor: Animal skin       |     1 |       |       ||     1
       Skin              |       |     1 |       ||     1
Dodge: Dodged            |     8 |     7 |     5 ||    20
       Rpst.: Falchion   |     2 |       |       ||     2

Table legend: (Time is in decaauts)
 A = Elapsed time spent in this place.
 B = Non-inter-level travel time spent in this place.
 C = Inter-level travel time spent in this place.
 D = Time resting spent in this place.
 E = Time spent auto-exploring this place.
 F = Levels seen in this place.
 G = Mean time per level.
                   A        B        C        D        E       F      G
               +--------+--------+--------+--------+--------+-----+--------+
         Total |    552 |    552 |      0 |    384 |      0 |   1 |  552.0 |
       Dungeon |    552 |    552 |      0 |    384 |      0 |   1 |  552.0 |
               +--------+--------+--------+--------+--------+-----+--------+

Top non-repeatable levels by time:
       D: 552 daAuts
